 Dungeon Crawl Stone Soup version 0.28.0-43-g3370ac3207 (webtiles) character file.

Game seed: 6638134604272204242

77 issech the Cudgeller (level 4, -2/44 HPs)
             Began as a Troll Monk on Mar 23, 2022.
             Slain by a gnoll
             ... wielding a +0 spear
              (6 damage)
             ... on level 2 of the Dungeon.
             The game lasted 00:04:27 (1488 turns).

issech the Cudgeller (Troll Monk)                   Turns: 1488, Time: 00:04:28

Health: -2/44      AC:  4    Str: 19    XL:     4   Next: 13%
Magic:  3/3        EV:  7    Int:  6    God:
Gold:   96         SH: 10    Dex: 14    Spells: 3/3 levels left

rFire   . . .      SeeInvis .   p - +0 morningstar
rCold   . . .      Faith    .   k - +0 tower shield
rNeg    . . .      Spirit   .   b - +0 robe
rPois   .          Reflect  .   (helmet restricted)
rElec   .          Harm     .   (no cloak)
rCorr   .          Rampage  .   (gloves unavailable)
Will    .....                   (boots unavailable)
Stlth   ++........              (no amulet)
HPRegen 0.94/turn               (no ring)
MPRegen 0.08/turn               (no ring)

@: no status effects
A: large, unfitting armour, claws 3, regeneration 1, shaggy fur 1, tough skin 1
a: no special abilities


You were on level 2 of the Dungeon.
You visited 1 branch of the dungeon, and saw 2 of its levels.

You collected 96 gold pieces.

Inventory:

Hand Weapons
 a - a +0 mace
 i - a +1 hunting sling of flaming
 p - a +0 morningstar (weapon)
Missiles
 d - 26 stones (quivered)
 g - a throwing net
 h - 8 poisoned darts
 j - 12 bolts
 m - 11 arrows
Armour
 b - a +0 robe (worn)
 k - a +0 tower shield (worn)
Wands
 q - a wand of mindburst (7)
Scrolls
 c - 3 scrolls of identify {unknown}
 l - a scroll of fog {unknown}
Potions
 e - a potion of flight {unknown}
 f - 2 potions of curing {unknown}
 n - a potion of brilliance {unknown}
 o - a potion of heal wounds {unknown}


   Skills:
 + Level 2.8 Fighting
 + Level 3.5 Maces & Flails
 + Level 3.1 Dodging
 + Level 1.1 Stealth
 + Level 0.1 Shields


You had 3 spell levels left.
You didn't know any spells.
Your spell library contained the following spells:

 Spells                   Type           Power      Damage    Failure   Level
 Slow                     Hex            0%         N/A       99%         1
 Confusing Touch          Hex            0%         N/A       100%        3
 Vampiric Draining        Necr           0%         2d6       100%        3


Dungeon Overview and Level Annotations

Branches:
Dungeon (2/15)

Altars:


Innate Abilities, Weirdness & Mutations

You are too large for most types of armour.
You have claws for hands.
Your natural rate of healing is unusually fast.
You are covered in fur. (AC +1)
You have tough skin. (AC +1)


Message History

You closely miss the jackal.
The jackal is heavily wounded.
The jackal bites you. The jackal barely misses you.
The gnoll shouts!
You hit the jackal.
The jackal is severely wounded.
The jackal bites you. The jackal barely misses you.
You closely miss the jackal.
The jackal is severely wounded.
You block the jackal's attack. x2
You puncture the jackal!
You kill the jackal!
The jackal bites you but does no damage.
You block the gnoll's attack.
The endoplasm jiggles.
You barely miss the jackal. You block the jackal's attack. x2
The gnoll hits you from afar with a +0 halberd.
You barely miss the jackal.
The jackal bites you but does no damage.
You block the gnoll's attack. The jackal barely misses you.
The gnoll hits you from afar with a +0 halberd!
You block the jackal's attack.
You barely miss the jackal.
The jackal bites you but does no damage.
The gnoll completely misses you. The jackal bites you.
You block the gnoll's attack.
You sock the jackal!
You kill the jackal!
The gnoll barely misses you. The gnoll hits you but does no damage.
The gnoll hits you from afar with a +0 spear.
The gnoll hits you with a +0 halberd!
* * * LOW HITPOINT WARNING * * *
Items here: ) †††.
You barely miss the gnoll.
The gnoll hits you from afar with a +0 spear.
* * * LOW HITPOINT WARNING * * *
The gnoll hits you with a +0 halberd.
* * * LOW HITPOINT WARNING * * *
The gnoll hits you from afar with a +0 spear.
You die...

#........ ######........
#....'........
#.####...8.8.. #.#
#...#'#.. #.# #...#.#..
####### #.# #.###.###
.......######.####.#8...8#
.......Jg@.........#.._..#
.......g#####......#8...8#
##......# #......###.###
#.......# #####....#.#..
#.....h## #....#'#..
#...... ####.8.8.. #......
#...†.. #....g. #####..
#.#


You could see 2 gnolls and an endoplasm.

Vanquished Creatures
  A gnoll (D:2)
  An adder (D:2)
  A dart slug (D:1)
  5 orcs (D:2)
  6 endoplasms
  A giant cockroach (D:1)
  A goblin (D:1)
  3 hobgoblins
  12 jackals
  3 kobolds
  4 ball pythons
  3 bats
  A frilled lizard (D:1)
  3 rats
45 creatures vanquished.

Notes
Turn   | Place    | Note
-------+----------+-------------------------------------------
     0 | D:1      | issech the Troll Monk began the quest for the Orb.
     0 | D:1      | Reached XP level 1. HP: 22/22 MP: 0/0
   162 | D:1      | Reached XP level 2. HP: 29/29 MP: 1/1
   498 | D:1      | Reached XP level 3. HP: 36/36 MP: 2/2
  1332 | D:2      | Found a faded altar of an unknown god.
  1477 | D:2      | Reached XP level 4. HP: 31/44 MP: 3/3
  1488 | D:2      | Slain by a gnoll

Illustrated notes

Levels and vault maps discovered:
D:1:      dpeg_arrival_simpleton_b, layout_loops_corners
D:2:      layout_basic, dreamdust_ecumenical_altar_angels_and_demons

Skill      XL: |  1  2  3 |
---------------+----------+-----
Maces & Flails | 3 |  3.5
Dodging        | 3 |  3.1
Fighting       | |  2.8
Stealth        | |  1.1
Shields        | |  0.1

Action                   |  1- 3 |  4- 6 || total
-------------------------+-------+-------++-------
Melee: Mace              |   175 |       ||   175
       Punch             |     1 |       ||     1
       Morningstar       |     8 |    11 ||    19
 Stab: Sleeping          |     3 |       ||     3
Armor: Robe              |    94 |     5 ||    99
Dodge: Dodged            |   115 |     6 ||   121
Block: Tower shield      |    54 |     9 ||    63
